AoeStats
← Flying Kangaroo

Hill Fort

505947571Analyzed
2v2 RM · 21d ago on Sep 11, 2026· 43m 18s· 4 players
Game mode
Random Map
Map size
Medium (4 player)
Population
200
Speed
Normal
Resources
Standard
Victory
Conquest
Starting age
Dark Age
Ending age
Imperial Age
RankedLock teamsTeams togetherTeam positionsShared explorationLock speedFull tech treeHidden civsTurbo modeCheats
Victory
Defeat
🇨🇴 Celts · Colombia
1035
+13
🇦🇹 Gurjaras · Austria
1002
+15
🇹🇷 Bohemians · Türkiye
983
-14
🇹🇷 Burmese · Türkiye
972
-14
Flying Kangaroo
11:46 Feudal Age
16:19 Castle Age
14:47 Double-Bit Axe
15:38 Horse Collar
20:22 Loom
21:14 Wheelbarrow
21:53 Bow Saw
21:46 Heavy Plow
23:38 Hand Cart
25:01 Fletching
25:13 Padded Archer Armor
26:16 Thumb Ring
27:31 Bodkin Arrow
27:51 Leather Archer Armor
28:04 Gold Mining
33:37 Imperial Age
32:38 Gold Shaft Mining
32:00 Stone Mining
33:15 Ballistics
36:40 Bracer
39:04 Frontier Guards
39:54 Elite Elephant Archer
norf182
2:50 Loom
10:00 Feudal Age
10:27 Man-at-Arms
13:25 Arson
15:12 Scale Mail Armor
15:24 Forging
16:31 Double-Bit Axe
18:41 Wheelbarrow
22:34 Castle Age
20:53 Horse Collar
21:56 Town Watch
22:40 Long Swordsman
23:05 Gambesons
24:30 Iron Casting
24:29 Chain Mail Armor
27:55 Fletching
29:05 Bodkin Arrow
29:45 Padded Archer Armor
30:38 Gold Mining
30:42 Stone Mining
30:21 Elite Skirmisher
31:46 Leather Archer Armor
36:46 Pikeman
41:51 Imperial Age
42:04 Fervor
42:15 Sanctity
43:36 Plate Mail Armor
42:29 Capped Ram
tiirk
2:17 Loom
11:55 Feudal Age
14:05 Horse Collar
20:01 Castle Age
19:58 Fletching
20:09 Padded Archer Armor
21:30 Heavy Plow
23:45 Chemistry
23:07 Ballistics
24:35 Leather Archer Armor
26:40 Double-Bit Axe
34:49 Imperial Age
36:08 Conscription
bLuStEr
3:28 Loom
10:12 Feudal Age
11:30 Wheelbarrow
10:44 Horse Collar
17:45 Town Watch
20:17 Castle Age
18:31 Man-at-Arms
20:10 Fletching
21:31 Bodkin Arrow
24:01 Heavy Plow
27:44 Hand Cart
32:34 Imperial Age
31:26 Town Patrol
35:55 Forging
35:47 Squires
38:47 Gold Mining
38:49 Stone Mining
40:17 Bracer
40:18 Padded Archer Armor
41:36 Chemistry
41:30 Ballistics
41:58 Elite Skirmisher
Connection lost

Rejoining the realm…

Still unreachable

The connection could not be restored.

Session expired

The server has moved on; the page needs a fresh start.